 Dungeon Crawl Stone Soup version 0.27-a0-1502-g47ed6a6988 (webtiles) character file.

Game seed: 1252348303796415147

28 garrulousMonolith the Slasher (level 2, -2/34 HPs)
             Began as a Demonspawn Gladiator on July 9, 2021.
             Slain by Sigmund (8 damage)
             ... on level 2 of the Dungeon.
             The game lasted 00:01:45 (1660 turns).

garrulousMonolith the Slasher (DsGl)                Turns: 1660, Time: 00:01:46

Health: -2/34      AC: 21    Str: 14    XL:     2   Next: 96%
Magic:  2/2        EV:  2    Int:  9    God:
Gold:   25         SH:  0    Dex: 14    Spells: 1/1 levels left

rFire    . . .     SeeInvis .   a - +0 long sword
rCold    . . .     Faith    .   (no shield)
rNeg     + + +     Spirit   .   (armour currently unavailable)
rPois    +         Reflect  .   (helmet currently unavailable)
rElec    .         Harm     .   (cloak currently unavailable)
rCorr    .         Rampage  .   (gloves currently unavailable)
Will     .....     NoTele   +   (boots currently unavailable)
Stlth    +.........             (no amulet)
HPRegen  0.11/turn              (no ring)
MPRegen  0.08/turn              (no ring)

@: tree-form
A: stationary, stasis, torment immunity, boosted hp, (antennae 1)
a: no special abilities


You were on level 2 of the Dungeon.
You were a tree.
You visited 1 branch of the dungeon, and saw 2 of its levels.

You collected 25 gold pieces.

Inventory:

Hand Weapons
 a - a +0 long sword (weapon)
Missiles
 d - 3 throwing nets
 f - 55 stones (quivered)
Armour
 b - a +0 leather armour
 c - a +0 helmet
 g - a +0 scale mail (melded)


   Skills:
 + Level 2.3 Fighting
 * Level 3.2 Long Blades
 - Level 2.0 Throwing
 + Level 3.0 Dodging


You had one spell level left.
You didn't know any spells.
Your spell library contained the following spells:

 Spells                   Type           Power      Damage    Failure   Level
 Beastly Appendage        Tmut           0%         N/A       38%         1
 Wereblood                Tmut           0%         N/A       52%         2
 Spider Form              Tmut/Pois      0%         N/A       77%         3


Dungeon Overview and Level Annotations

Branches:
Dungeon (2/15)

Altars:

Annotations:
D:2 Sigmund


Innate Abilities, Weirdness & Mutations

You are a tree.
Your roots penetrate the ground, keeping you stationary.
You cannot be teleported.
You are immune to unholy pain and torment.
Your maximum health is greatly increased.
Your equipment is partially melded.
((You have a pair of small antennae on your head.))


Message History

Non-targeted confused throw: 58 stones
Press: ? - help, Q - select action, (/) - cycle Dir - look around, f - activate You throw a stone.
Sigmund hits you from afar with a +0 scythe.
* * * LOW HITPOINT WARNING * * *
Non-targeted confused throw: 57 stones
Press: ? - help, Q - select action, (/) - cycle Dir - look around, f - activate You throw a stone.
Sigmund casts a spell.
Sigmund flickers and vanishes!
Deactivating autopickup; reactivate with Ctrl-A.
Non-targeted confused throw: 56 stones
Press: ? - help, Q - select action, (/) - cycle Dir - look around, f - activate You throw a stone.
Something hits you but does no damage.
You cannot move. (Use ctrl+direction or * direction to attack without moving.)
Okay, then.
You aren't carrying any potions.
You are too confused!
You cannot move. (Use ctrl+direction or * direction to attack without moving.)
There is a strange disturbance nearby!
There is a strange disturbance nearby!
Something hits you but does no damage. Something hits you but does no damage.
You hear some strange, mumbled words.
You are more confused.
Something hits you but does no damage. Something hits you.
* * * LOW HITPOINT WARNING * * *
Something hits you but does no damage. Something hits you but does no damage.
Something hits you but does no damage.
You feel less confused. Something hits you but does no damage.
Throw: 55 stones
Press: ? - help, Q - select action, (/) - cycle Shift-Dir - straight line, f - you Really target yourself?
Okay, then.
Something hits you!
You die...

#########
#.<.....#
#.#####.#
#.# #.#
#.# #.#
#.# #.#
#.# #.#
#.# #♣#
#.# #.#
#.# #{#
..# ...
###. . ..


There were no monsters in sight!

Vanquished Creatures
  4 endoplasms (D:1)
  3 goblins (D:1)
  2 hobgoblins (D:1)
  4 jackals (D:1)
  A quokka (D:1)
  7 ball pythons (D:1)
  A kobold (D:1)
  2 rats (D:1)
24 creatures vanquished.

Notes
Turn   | Place    | Note
-------+----------+-------------------------------------------
     0 | D:1      | garrulousMonolith the Demonspawn Gladiator began the quest
                  | for the Orb.
     0 | D:1      | Reached XP level 1. HP: 16/16 MP: 1/1
   658 | D:1      | Gained mutation: You have a pair of small antennae on your
                  | head. [demonic ancestry]
   658 | D:1      | Reached XP level 2. HP: 16/22 MP: 2/2
  1037 | D:1      | Found a faded altar of an unknown god.
  1633 | D:2      | Noticed Sigmund
  1660 | D:2      | Slain by Sigmund

Illustrated notes

Levels and vault maps discovered:
D:1:      dpeg_arrival_snail, layout_loops_ring, ebering_ecumenical_altar_mist
D:2:      layout_loops_ring, uniq_sigmund

Skill      XL: |  1  2 |
---------------+-------+-----
Long Blades    | 3 |  3.2
Throwing       | 2 |  2.0
Dodging        | 3 |  3.0
Fighting       | |  2.3

Action                   || total
-------------------------++-------
Melee: Long sword        ||    56
Throw: Stone             ||    14
  Use: Potion            ||     1
 Stab: Sleeping          ||     1
Armor: Leather armour    ||    11
       Skin              ||    14
       Scale mail        ||     1
Dodge: Dodged            ||    42
       Rpst.: Long sword ||    10

Table legend: (Time is in decaauts)
 A = Elapsed time spent in this place.
 B = Non-inter-level travel time spent in this place.
 C = Inter-level travel time spent in this place.
 D = Time resting spent in this place.
 E = Time spent auto-exploring this place.
 F = Levels seen in this place.
 G = Mean time per level.
                   A        B        C        D        E       F      G
               +--------+--------+--------+--------+--------+-----+--------+
         Total |   1674 |   1620 |     54 |    300 |   1111 |   2 |  837.0 |
       Dungeon |   1674 |   1620 |     54 |    300 |   1111 |   2 |  837.0 |
               +--------+--------+--------+--------+--------+-----+--------+

Top non-repeatable levels by time:
     D:1: 1635 daAuts
     D:2: 38 daAuts
